 Dungeon Sprint DCSS version bcrawl-1.12.1 (webtiles) character file.

Game seed: 17944235474011556515

59507 Groucho the Impregnable (level 14, 0/122 HPs)
             Began as a Sand Dwarf Fighter on July 12, 2019.
             Was the Champion of Cheibriados.
             Slain by a purple very ugly thing (40 damage)
             ... in the Dungeon (Sprint IX: "|||||||||||||||||||||||||||||").
             The game lasted 00:18:24 (5729 turns).

Groucho the Impregnable (Sand Dwarf Fighter)        Turns: 5729, Time: 00:18:24

Health: 0/122      AC: 27    Str: 37    XL:     14   Next: 95%
Magic:  5/28       EV: 28    Int: 34    God:    Cheibriados [******]
Gold:   1303       SH: 19    Dex: 25    Spells: 34/34 levels left

rFire    + . .     SeeInvis +   t - +3 war axe (chop)
rCold    + . .     Gourm    +   c - +0 shield
rNeg     . . .     Faith    .   C - +2 chain mail {rF+}
rPois    .         Spirit   .   s - +1 helmet
rElec    .         Reflect  .   z - +0 cloak
rCorr    .         Harm     .   p - +0 pair of gloves
MR       +....     NoTele   +   x - +0 pair of boots
Stlth    ..........             y - amulet of the gourmand
HPRegen  0.30/turn              E - ring of see invisible
MPRegen  0.21/turn              A - ring of Nilliuhi {*Drain rC+ AC+1 Int+6}

@: very slow
A: small, slowness 1, armour attunement
a: Bend Time, Temporal Distortion, Slouch, Step From Time, Renounce Religion


You were in the Dungeon.
You worshipped Cheibriados.
Cheibriados was exalted by your worship.
You were not hungry.

You visited 1 branch You collected 1938 gold pieces.
You spent 635 gold pieces at shops.

Inventory:

Hand Weapons
 b - a +2 morningstar of protection
 t - a +3 war axe of chopping (weapon)
Missiles
 D - 42 exploding tomahawks (quivered)
 G - a throwing net {!f}
Armour
 c - a +0 shield (worn)
 p - a +0 pair of gloves (worn)
 q - a +0 plate armour
 s - a +1 helmet (worn)
 x - a +0 pair of boots (worn)
 z - a +0 cloak (worn)
 C - a +2 chain mail of fire resistance (worn)
Jewellery
 r - a +3 ring of dexterity
 y - an amulet of the gourmand (around neck)
 A - the ring of Nilliuhi (right hand) {*Drain rC+ AC+1 Int+6}
   (You bought it in a shop in the Dungeon)

   [ring of protection]

   It affects your AC (+1).
   It affects your intelligence (+6).
   It protects you from cold.
   It causes draining when unequipped.
 E - a ring of see invisible (left hand)
Wands
 n - a wand of acid (9)
 B - a wand of polymorph (6)
Scrolls
 k - 4 scrolls of blinking
 l - 4 scrolls of remove curse
 m - 2 scrolls of amnesia
 o - a scroll of fear
 v - 5 scrolls of identify
 w - 4 scrolls of enchant armour
 F - a scroll of fog
Potions
 a - 3 potions of mutation
 d - 2 potions of might
 e - 5 potions of curing
 g - 2 potions of heal wounds
 i - 4 potions of magic
 j - 2 potions of brilliance
 u - 2 potions of agility
Comestibles
 f - 10 rations {!d}


   Skills:
 - Level 10.4 Fighting
 - Level 18.0 Axes
 * Level 21.9 Armour
 * Level 15.2 Dodging
 * Level 18.7 Shields
 * Level 10.5 Spellcasting
 - Level 14.0 Invocations


You had 34 spell levels left.
You didn't know any spells.
Your spell library was empty.

Dungeon Overview and Level Annotations

Branches:
Dungeon (1/1)

Altars:
Cheibriados
Dithmenos
Elyvilon
Fedhas
Gozag
Hepliaklqana
Kikubaaqudgha
Lugonu
Makhleb
Nemelex Xobeh
Okawaru
Qazlal
Ru
Sif Muna
Trog
Uskayaw
Vehumet
Wu Jian
Xom
Yredelemnul
Zin
The Shining One
Beogh
Jiyva

Shops:
D %?**


Innate Abilities, Weirdness & Mutations

You are small and have problems with some larger weapons.
You cover ground slowly.
Armour does not affect your spellcasting.


Message History

You slice the ice dragon!!
You kill the ice dragon!
Cheibriados appreciates the change of pace.
The ice dragon scales are intact enough to wear.
Unknown command.
Unknown command.
The purple very ugly thing barely misses you.
Items here: ( )) [ a +0 longbow; 159 arrows; a +0 mace; a +0 scale mail You closely miss the purple very ugly thing.
The purple very ugly thing is heavily wounded.
The ironbrand convoker points at the purple very ugly thing and mumbles some strange words.
The purple very ugly thing seems to grow stronger.
You barely miss the purple very ugly thing.
The purple very ugly thing is heavily wounded.
The purple very ugly thing misses you.
You hit the purple very ugly thing but do no damage.
The purple very ugly thing is heavily wounded.
The purple very ugly thing tentacle-slaps you!!!
You die...

.)...)))[).)'..........[[[[[[[[.)
▓▓▓▓▓▓▓▓▓▓▓▓▓▓▓▓▓▓▓▓▓▓▓▓▓▓▓▓▓▓▓▓▓
)...............................)
▓▓▓▓▓▓▓▓▓▓▓▓▓▓▓▓▓▓▓▓▓▓▓▓▓▓▓▓▓▓♣♣♣
...†..)†)'.........'.....)).÷'...
▓▓▓▓▓▓▓▓▓▓▓▓▓▓▓▓▓▓▓▓▓▓▓▓▓▓▓▓▓▓♣♣♣
.................................
▓▓▓▓▓▓▓▓▓▓▓▓▓▓▓▓▓▓▓▓▓▓▓▓▓▓▓▓▓▓▓▓▓
.....cp[u@))..........)..)
▓▓▓▓▓▓▓▓▓▓▓▓▓▓▓▓▓▓▓▓▓▓▓▓▓▓


You could see a purple very ugly thing, an ironbrand convoker and a yaktaur.

Vanquished Creatures
  An Orb Guardian (D)
  Agnes (D)
  2 frost giants (D)
  A vault warden (D)
  A very ugly thing (D)
  A spriggan defender (D)
  A stone giant (D)
  A green draconian (D)
  A vampire knight (D)
  2 purple draconians (D)
  2 spark wasps (D)
  2 ettins (D)
  3 ogre magi (D)
  A yaktaur captain (D)
  A fire dragon (D)
  A merfolk impaler (D)
  Erolcha (D)
  2 ice dragons (D)
  2 anacondas (D)
  3 centaur warriors (D)
  2 alligators (D)
  4 two-headed ogres (D)
  3 tengu warriors (D)
  A deep troll earth mage (D)
  A shock serpent (D)
  Nergalle (D)
  2 deep elf knights (D)
  A spriggan (D)
  A hell knight (D)
  3 sea snakes (D)
  A flayed ghost (D)
  A glowing orange brain (D)
  A deep elf archer (D)
  An ironbrand convoker (D)
  A harpy (D)
  2 orb spiders (D)
  4 lindwurms (D)
  3 orc knights (D)
  3 wolf spiders (D)
  An orc sorcerer (D)
  A manticore (D)
  2 ugly things (D)
  4 black mambas (D)
  A vault sentinel (D)
  A naga mage (D)
  2 water nymphs (D)
  A torpor snail (D)
  3 yaktaurs (D)
  4 komodo dragons (D)
  5 cane toads (D)
  A demonic crawler (D)
  A freezing wraith (D)
  A merfolk (D)
  2 hornets (D)
  A jumping spider (D)
  4 tyrant leeches (D)
  3 slime creatures (D)
  A bog body (D)
  A hippogriff (D)
  A redback (D)
  A spriggan (shapeshifter) (D)
  A shadow (D)
  A wyvern (D)
  A tarantella (D)
  3 yaks (D)
  A basilisk (shapeshifter) (D)
  Grum (D)
  A naga (D)
  A water moccasin (D)
  An acid dragon (D)
  A porcupine (D)
  10 orc warriors (D)
  7 ogres (D)
  2 wolves (D)
  A necrophage (D)
  4 crocodiles (D)
  2 bullfrogs (D)
  A big kobold (D)
  A crimson imp (D)
  A quasit (D)
  3 orc priests (D)
  A hound (D)
  3 worker ants (D)
  A gnoll (D)
  An ooze (D)
  A worm (D)
  A leopard gecko (D)
  11 orcs (D)
  A goblin (D)
  A bat (D)
  A frilled lizard (D)
  A jackal skeleton (D)
  A kobold (D)
  A leopard gecko simulacrum (D)
  2 leopard gecko zombies (D)
179 creatures vanquished.

Vanquished Creatures (others)
  A swamp drake (D)
1 creature vanquished.

Grand Total: 180 creatures vanquished

Notes
Turn   | Place    | Note
-------+----------+-------------------------------------------
     0 | D        | Groucho the Sand Dwarf Fighter began the quest for the Orb.
     0 | D        | Reached XP level 1. HP: 19/19 MP: 1/1
    34 | D        | Reached skill level 4 in Armour
    47 | D        | Noticed a worker ant
    47 | D        | Noticed a crimson imp
    47 | D        | Noticed a quasit
    57 | D        | Killed a quasit
    57 | D        | Reached skill level 5 in Fighting
    57 | D        | Reached skill level 5 in Armour
    57 | D        | Reached XP level 2. HP: 18/29 MP: 2/2
    57 | D        | Reached XP level 3. HP: 22/36 MP: 3/3
    58 | D        | Reached skill level 5 in Axes
    58 | D        | Reached skill level 6 in Armour
    58 | D        | Reached skill level 5 in Shields
    58 | D        | Reached XP level 4. HP: 27/44 MP: 4/4
   623 | D        | Found a roughly hewn altar of Beogh.
   623 | D        | Found a snail-covered altar of Cheibriados.
   623 | D        | Found a shadowy altar of Dithmenos.
   623 | D        | Found a white marble altar of Elyvilon.
   623 | D        | Found a blossoming altar of Fedhas.
   623 | D        | Found an opulent altar of Gozag.
   624 | D        | Found a hazy altar of Hepliaklqana.
   625 | D        | Found a viscous altar of Jiyva.
   626 | D        | Found an ancient bone altar of Kikubaaqudgha.
   627 | D        | Became a worshipper of Cheibriados the Contemplative
   628 | D        | Found a corrupted altar of Lugonu.
   629 | D        | Found a burning altar of Makhleb.
   630 | D        | Found a sparkling altar of Nemelex Xobeh.
   631 | D        | Found an iron altar of Okawaru.
   632 | D        | Found a stormy altar of Qazlal.
   633 | D        | Found a sacrificial altar of Ru.
   634 | D        | Found a deep blue altar of Sif Muna.
   635 | D        | Found a bloodstained altar of Trog.
   636 | D        | Found a hide-covered altar of Uskayaw.
   637 | D        | Found a radiant altar of Vehumet.
   638 | D        | Found an ornate altar of the Wu Jian Council.
   639 | D        | Found a shimmering altar of Xom.
   640 | D        | Found a basalt altar of Yredelemnul.
   641 | D        | Found a glowing silver altar of Zin.
   642 | D        | Found a glowing golden altar of the Shining One.
   710 | D        | Noticed a necrophage
   710 | D        | Noticed a shadow
   718 | D        | Killed a shadow
   718 | D        | Reached skill level 8 in Armour
   718 | D        | Reached XP level 5. HP: 45/53 MP: 5/5
   718 | D        | Reached XP level 6. HP: 52/61 MP: 6/6
   722 | D        | Reached * piety under Cheibriados
   727 | D        | Killed a necrophage
   727 | D        | Reached ** piety under Cheibriados
   727 | D        | Reached skill level 9 in Armour
   738 | D        | Noticed an acid dragon
   738 | D        | Noticed a yak
   738 | D        | Noticed a cyan ugly thing
   738 | D        | Noticed a yak
   741 | D        | Killed a yak
   741 | D        | Reached skill level 1 in Dodging
   741 | D        | Reached XP level 7. HP: 67/70 MP: 6/8
   754 | D        | Killed a cyan ugly thing
   754 | D        | Reached *** piety under Cheibriados
   754 | D        | Reached skill level 10 in Fighting
   754 | D        | Reached skill level 10 in Axes
   754 | D        | Reached skill level 10 in Armour
   754 | D        | Reached XP level 8. HP: 49/80 MP: 7/10
   762 | D        | Killed a yak
   762 | D        | Reached **** piety under Cheibriados
   766 | D        | Reached skill level 11 in Armour
  1272 | D        | Reached ***** piety under Cheibriados
  1272 | D        | Reached skill level 5 in Invocations
  1273 | D        | Noticed Grum
  1282 | D        | Killed Grum
  1358 | D        | Noticed a cane toad
  1358 | D        | Noticed a cane toad
  1358 | D        | Noticed a cane toad
  1358 | D        | Noticed a yak
  1367 | D        | Killed a yak
  1367 | D        | Reached XP level 9. HP: 86/86 MP: 13/13
  1367 | D        | Noticed a torpor snail
  1370 | D        | Killed a cane toad
  1370 | D        | Reached ****** piety under Cheibriados
  1370 | D        | Reached skill level 12 in Armour
  1372 | D        | Noticed a komodo dragon
  1379 | D        | Killed a cane toad
  1379 | D        | Reached skill level 5 in Dodging
  1384 | D        | Killed a cane toad
  1384 | D        | Reached skill level 10 in Shields
  1388 | D        | Killed a torpor snail
  1393 | D        | Killed a komodo dragon
  1393 | D        | Reached skill level 13 in Armour
  1393 | D        | Reached XP level 10. HP: 80/94 MP: 15/15
  1454 | D        | Noticed a cane toad
  1457 | D        | Killed a cane toad
  1615 | D        | Noticed a lindwurm
  1615 | D        | Noticed a lindwurm
  1615 | D        | Noticed a lindwurm
  1625 | D        | Killed a lindwurm
  1626 | D        | Killed a lindwurm
  1626 | D        | Reached skill level 14 in Armour
  1626 | D        | Killed a lindwurm
  1627 | D        | Noticed a lindwurm
  1633 | D        | Reached XP level 11. HP: 57/101 MP: 2/17
  1638 | D        | Killed a lindwurm
  2291 | D        | Noticed an orc knight
  2307 | D        | Killed an orc knight
  2346 | D        | Noticed an orc knight
  2346 | D        | Noticed an orc sorcerer
  2354 | D        | Killed an orc sorcerer
  2354 | D        | Reached skill level 15 in Armour
  2354 | D        | Reached skill level 10 in Invocations
  2355 | D        | Noticed an orc knight
  2360 | D        | Killed an orc knight
  2368 | D        | Killed an orc knight
  2368 | D        | Reached skill level 15 in Axes
  2683 | D        | Found Cyrerphua's General Store.
  2683 | D        | Noticed a two-headed ogre
  2683 | D        | Noticed a two-headed ogre
  2683 | D        | Noticed an ogre mage
  2685 | D        | Killed an ogre mage
  2686 | D        | Noticed a two-headed ogre
  2689 | D        | Killed a two-headed ogre
  2689 | D        | Noticed an ogre mage
  2693 | D        | Killed a two-headed ogre
  2706 | D        | Killed a two-headed ogre
  2711 | D        | Killed an ogre mage
  2711 | D        | Reached skill level 16 in Armour
  2711 | D        | Reached XP level 12. HP: 97/107 MP: 20/20
  2715 | D        | Found Bocee's Assorted Antiques.
  2719 | D        | Found Juidiebb's Magic Scroll Boutique.
  2723 | D        | Found Liutistri's Food Shop.
  2725 | D        | Noticed a two-headed ogre
  2732 | D        | Noticed an ogre mage
  2733 | D        | Killed a two-headed ogre
  2739 | D        | Reached skill level 10 in Dodging
  2744 | D        | Paralysed by an ogre mage for 4 turns
  2750 | D        | Killed an ogre mage
  2780 | D        | Bought a pitted ivory ring for 150 gold pieces
  2782 | D        | Bought a scroll of identify for 24 gold pieces
  2782 | D        | Bought a scroll of identify for 24 gold pieces
  2782 | D        | Bought a scroll of identify for 24 gold pieces
  2782 | D        | Identified the ring of Nilliuhi {*Drain rC+ AC+1 Int+6}
                  | (You bought it in a shop in the Dungeon)
  2791 | D        | Bought a twisted glass wand for 120 gold pieces
  2791 | D        | Bought a shiny chain mail for 225 gold pieces
  2793 | D        | Bought a scroll of identify for 22 gold pieces
  2793 | D        | Bought 42 exploding tomahawks for 46 gold pieces
  2879 | D        | Noticed Erolcha
  2881 | D        | Killed Erolcha
  2954 | D        | Got the cursed +1 ring mail of Semur {rC- Slay+3 SInv
                  | Stlth+}
  3023 | D        | Noticed a deep troll earth mage
  3023 | D        | Noticed a tengu warrior
  3024 | D        | Noticed a spark wasp
  3030 | D        | Killed a deep troll earth mage
  3030 | D        | Killed a spark wasp
  3032 | D        | Noticed an ettin
  3033 | D        | Killed a tengu warrior
  3033 | D        | Reached skill level 17 in Armour
  3039 | D        | Killed an ettin
  3041 | D        | Noticed an ice dragon
  3042 | D        | Noticed a tengu warrior
  3045 | D        | Killed a tengu warrior
  3053 | D        | Killed an ice dragon
  3566 | D        | Noticed Nergalle
  3582 | D        | Killed Nergalle
  3618 | D        | Noticed Agnes
  3631 | D        | Killed Agnes
  3631 | D        | Reached XP level 13. HP: 98/114 MP: 7/22
  4083 | D        | Reached skill level 15 in Shields
  4093 | D        | Reached skill level 18 in Armour
  4839 | D        | Noticed a merfolk impaler
  4855 | D        | Killed a merfolk impaler
  4855 | D        | Reached skill level 19 in Armour
  4855 | D        | Reached skill level 1 in Spellcasting
  4987 | D        | Noticed an ettin
  4987 | D        | Noticed a frost giant
  4991 | D        | Noticed a frost giant
  4995 | D        | Killed a frost giant
  4996 | D        | Killed an ettin
  4996 | D        | Reached skill level 5 in Spellcasting
  4996 | D        | Reached XP level 14. HP: 88/122 MP: 13/24
  4997 | D        | Noticed a spriggan defender
  5000 | D        | Killed a frost giant
  5004 | D        | Killed a spriggan defender
  5004 | D        | Reached skill level 20 in Armour
  5010 | D        | Noticed a stone giant
  5014 | D        | Noticed a vampire knight
  5021 | D        | Killed a stone giant
  5033 | D        | Killed a vampire knight
  5034 | D        | Noticed a white very ugly thing
  5057 | D        | Killed a green very ugly thing
  5676 | D        | Noticed a vault warden
  5681 | D        | Reached skill level 21 in Armour
  5687 | D        | Killed a vault warden
  5689 | D        | Noticed a green draconian
  5689 | D        | Noticed a purple draconian
  5689 | D        | Noticed a purple draconian
  5689 | D        | Noticed an Orb Guardian
  5699 | D        | Killed a purple draconian
  5703 | D        | Killed an Orb Guardian
  5705 | D        | Killed a green draconian
  5705 | D        | Reached skill level 10 in Spellcasting
  5712 | D        | Killed a purple draconian
  5712 | D        | Reached skill level 15 in Dodging
  5716 | D        | Noticed a purple very ugly thing
  5729 | D        | Slain by a purple very ugly thing

Skill      XL: |  1  2  3  4  5  6  7  8  9 10 11 12 13 14 |
---------------+-------------------------------------------+-----
Fighting       | 5 6 8 9 10 | 10.4
Axes           | 4 5 7 9 10 11 12 14 15 17 18 | 18.0
Armour         | 5 6 8 9 10 11 13 14 16 17 19 21 | 21.9
Shields        | 4 5 6 7 8 9 10 11 13 14 16 18 | 18.7
Dodging        | 1 2 4 5 7 9 11 13 15 | 15.2
Invocations    | 2 3 5 7 9 11 12 14 | 14.0
Spellcasting   | 5 10 | 10.5

Action                   |  1- 3 |  4- 6 |  7- 9 | 10-12 | 13-15 || total
-------------------------+-------+-------+-------+-------+-------++-------
Melee: War axe           |    46 |    33 |    74 |   186 |   178 ||   517
Invok: Slouch            |       |       |       |    14 |    19 ||    33
Evoke: Wand              |       |       |       |     1 |       ||     1
  Use: Potion            |     1 |       |     2 |       |     5 ||     8
       Scroll            |       |       |       |     1 |       ||     1
 Stab: Invisible         |       |       |       |       |     6 ||     6
  Eat: Chunk             |       |       |       |    25 |       ||    25
       Ration            |       |       |       |       |     1 ||     1
Armor: Scale mail        |    29 |     4 |       |       |       ||    33
       Plate armour      |       |     5 |    11 |    18 |       ||    34
       Chain mail        |       |       |       |     6 |    24 ||    30
Dodge: Dodged            |    26 |     8 |    13 |    54 |    99 ||   200
Block: Shield            |    25 |    13 |    50 |   140 |   138 ||   366
